 Dungeon Crawl Stone Soup version 0.28-a0-823-gb444dcf96d (webtiles) character file.

Game seed: 5032426128714642926

54560 funkygono the Thaumaturge (level 14, -14/74 HPs)
             Began as a Gargoyle Fire Elementalist on Nov 8, 2021.
             Was a High Priest of Vehumet.
             Killed from afar by an ice dragon (40 damage)
             ... with a blast of cold
             ... on level 6 of the Lair of Beasts on Nov 9, 2021.
             The game lasted 00:55:40 (22766 turns).

funkygono the Thaumaturge (GrFE)                   Turns: 22766, Time: 00:55:40

Health: -14/74     AC: 25    Str: 12    XL:     14   Next: 73%
Magic:  28/40      EV: 17    Int: 26    God:    Vehumet [*****.]
Gold:   2379       SH:  6    Dex: 10    Spells: 6/39 levels left

rFire   . . .      SeeInvis .   z - +5 flail (flame)
rCold   . . .      Faith    .   r - +2 buckler
rNeg    + . .      Spirit   .   a - +1 robe
rPois   ∞          Reflect  .   E - +2 helmet
rElec   +          Harm     .   (no cloak)
rCorr   .          Rampage  .   D - +2 pair of gloves
Will    +....                   j - +1 pair of boots "Bifyruatt" {MP+9 Int+5}
Stlth   ++........              b - amulet of regeneration
HPRegen 1.22/turn               k - +4 ring of protection
MPRegen 0.27/turn               q - +4 ring of evasion

@: flying
A: sickness immunity, AC +10, big wings, negative energy resistance 1,
electricity resistance, torment resistance 1, petrification resistance
a: Renounce Religion


You were on level 6 of the Lair of Beasts.
You worshipped Vehumet.
Vehumet was extremely pleased with you.
You visited 3 branches of the dungeon, and saw 19 of its levels.

You collected 2379 gold pieces.

Inventory:

Hand Weapons
 f - a +1 whip of freezing
 z - a +5 flail of flaming (weapon)
 C - a +2 whip of flaming
Missiles
 l - 464 stones
Armour
 a - a +1 robe (worn)
 j - the +1 pair of boots "Bifyruatt" (worn) {MP+9 Int+5}
   (You found it on level 1 of the Lair of Beasts)

   Int:       It affects your intelligence (+5).
   MP:        It affects your magic capacity (+9).
 r - a +2 buckler (worn)
 D - a +2 pair of gloves (worn)
 E - a +2 helmet (worn)
 M - the +3 leather armour of the Trees {Harm rPois rCorr}
   (You found it on level 12 of the Dungeon)

   rPois:     It protects you from poison.
   rCorr:     It protects you from acid and corrosion.
   Harm:      It increases damage dealt and taken.
Magical Staves
 B - a staff of poison
Jewellery
 b - an amulet of regeneration (around neck)
 k - a +4 ring of protection (left hand)
 q - a +4 ring of evasion (right hand)
 t - a ring of positive energy
 v - a +4 ring of protection
 x - a ring of resist corrosion
 K - a ring of magical power
Wands
 o - a wand of paralysis (8)
 G - a wand of iceblast (11)
 H - a wand of flame (21)
 I - a wand of mindburst (13)
 J - a wand of acid (6)
Scrolls
 g - a scroll of blinking
 u - 5 scrolls of fear
 w - 2 scrolls of magic mapping
 y - 4 scrolls of teleportation
 F - 3 scrolls of amnesia
 L - a scroll of identify
Potions
 c - a potion of mutation
 d - 2 potions of brilliance
 e - a potion of resistance
 h - 2 potions of curing
 i - a potion of invisibility
 m - 2 potions of cancellation
 n - 4 potions of flight
 p - 2 potions of magic
 s - 3 potions of ambrosia
 A - 3 potions of berserk rage


   Skills:
 + Level 3.4 Fighting
 + Level 6.3 Maces & Flails
 + Level 4.4 Dodging
 - Level 2.1 Stealth
 + Level 4.2 Shields
 + Level 13.2 Spellcasting
 + Level 11.2 Conjurations
 + Level 3.2 Transmutations
 + Level 11.7 Fire Magic
 + Level 1.0 Air Magic
 + Level 9.1 Earth Magic
 + Level 7.7 Poison Magic


You had 6 spell levels left.
You knew the following spells:

 Your Spells              Type           Power      Damage    Failure   Level
a - Foxfire               Conj/Fire      100%       2x1d9     1%          1
b - Scorch                Fire           100%       2d10      1%          2
c - Conjure Flame         Conj/Fire      67%        6-21      1%          3
d - Flame Wave            Conj/Fire      67%        3d12      1%          4
e - Mephitic Cloud        Conj/Pois/Air  51%        N/A       1%          3
f - Ignite Poison         Fire/Tmut/Pois 54%        N/A       1%          3
g - Stone Arrow           Conj/Erth      100%       3d13      1%          3
h - Iron Shot             Conj/Erth      31%        9d6       2%          6
i - Olgreb's Toxic Radia  Pois           55%        N/A       1%          4
j - Sticky Flame          Conj/Fire      67%        2d8       1%          4

Your spell library contained the following spells:

 Spells                   Type           Power      Damage    Failure   Level
 Conjure Ball Lightning   Conj/Air       24%        3x3d7     11%         6
 Sandblast                Erth           100%       2d20      1%          1
 Passwall                 Tmut/Erth      40%        N/A       1%          2
 Inner Flame              Hex/Fire       47%        N/A       1%          3
 Iskenderun's Battlesphe  Conj           66%        2d12      1%          5
 Freezing Cloud           Conj/Ice/Air   19%        6-21      4%          5
 Summon Cactus Giant      Summ           8%         N/A       99%         6
 Ignition                 Fire           33%        3d10      41%         8
 Spellforged Servitor     Conj/Summ      23%        N/A       54%         7
 Ozocubu's Refrigeration  Ice            8%         4d6       99%         7


Dungeon Overview and Level Annotations

Branches:
Dungeon (12/15)            Temple (1/1) D:6            Lair (6/6) D:8
  Swamp (0/4) Lair:4       Spider (0/4) Lair:2        Slime (0/5) Lair:6
    Orc (0/2) D:12

Altars:
Ashenzari
Cheibriados
Dithmenos
Elyvilon
Fedhas
Gozag
Hepliaklqana
Kikubaaqudgha
Makhleb
Nemelex Xobeh
Okawaru
Qazlal
Ru
Sif Muna
Trog
Uskayaw
Vehumet
Wu Jian
Xom
Yredelemnul
Zin
The Shining One
Beogh

Shops:
D:3 (   D:11 (

Annotations:
D:8 2 transporters, vurker's ghost, novice DjFE
D:10 3 runed translucent doors, TheNamelessOne's ghost, journeyman FoFi


Innate Abilities, Weirdness & Mutations

You are immune to sickness and miasma.
Your stone body is resilient. (AC +10)
You are immune to poison.
Your large and strong wings let you fly.
You resist negative energy. (rN+)
You are resistant to electric shocks. (rElec)
You are resistant to unholy torment.
You are immune to petrification.


Message History

Aiming: Iron Shot (dangerous; 2% risk of failure)
Press: ? - help, Shift-Dir - straight line, f/p - torpor snail
Aim: a torpor snail (heavily wounded, 100% to hit)
The iron shot hits the torpor snail!!
You kill the torpor snail!
Vehumet accepts your kill.
You feel your power returning.
You feel yourself speed up.
Found a runed translucent door.
Found 100 gold pieces.
Found 117 gold pieces.
Press: ? - help, . - travel You can't see that place. [a rock wall.] Unknown command.
You reach down and open the door.
The ice dragon roars deafeningly!
Found 55 gold pieces.
The ice dragon breathes frost at you. The blast of cold hits you!!!
Ouch! That really hurt!
There is an open translucent door here.
Casting: Iron Shot (dangerous; 2% risk of failure)
Confirm with . or Enter, or press ? or * to list all spells.
Aiming: Iron Shot (dangerous; 2% risk of failure)
Press: ? - help, Shift-Dir - straight line, f - ice dragon
Aim: an ice dragon (catching its breath, 81% to hit)
The iron shot hits the ice dragon!!
The ice dragon is moderately wounded.
Casting: Iron Shot (dangerous; 2% risk of failure)
Confirm with . or Enter, or press ? or * to list all spells.
Aiming: Iron Shot (dangerous; 2% risk of failure)
Press: ? - help, Shift-Dir - straight line, f/p - ice dragon
Aim: an ice dragon (moderately wounded, 81% to hit)
The iron shot hits the ice dragon!!
The ice dragon is severely wounded.
The ice dragon breathes frost at you. The blast of cold hits you!!!
Ouch! That really hurt!
You die...

### ### #######.#
##.P. ##..#.#..# #....
#........# ###...#
####....## ##....
#...## #⌠..## #....##
##...## ##.....#
#@#...### #....###
#$$###....# #.....##
#$D$ ##..## ##.....#
#$$$$ ##..## ##....##
#$$$$ ###...# #....##
##$$# ##.##..#
##....#######
##..#P.## #......#..#
###.#...##
#.....#...###........#


You could see an ice dragon (catching breath).

Vanquished Creatures
  2 boulder beetles (D:11)
  7 hydras
  6 two-headed ogres
  5 death yaks
  Sonja (D:12)
  Pikel (D:9)
  2 bog bodies
  A lindwurm (Lair:6)
  A deep elf pyromancer (D:12)
  An ugly thing (D:12)
  A cyclops (D:11)
  A manticore (D:12)
  Joseph (D:9)
  19 elephants
  5 cane toads
  2 torpor snails
  2 unseen horrors
  2 rime drakes
  4 komodo dragons
  2 yaktaurs
  2 jumping spiders (Lair:2)
  A hornet (D:8)
  2 polar bears
  Grinder (D:6)
  6 blink frogs
  A raiju (Lair:6)
  17 dream sheep
  Sigmund (D:4)
  A shadow (D:11)
  2 redbacks (Lair:2)
  6 wyverns
  6 basilisks
  3 vampires
  Grum (D:9)
  53 yaks
  A wraith (D:10)
  A steam dragon (D:8)
  Menkaure (D:7)
  3 swamp worms (Lair:4)
  A warg (Lair:5)
  Duvessa (D:6)
  An acid dragon (D:12)
  11 water moccasins
  2 hell hounds (Lair:6)
  A sky beast (D:5)
  3 black bears
  2 ogres (D:6)
  5 orc warriors
  2 necrophages
  An ice beast (D:6)
  38 wolves
  4 centaurs
  2 phantoms
  4 kobold brigands
  13 bullfrogs
  2 scorpions
  A water moccasin zombie (D:6)
  Dowan (D:6)
  12 killer bees
  A water moccasin skeleton (D:5)
  4 wights (D:8)
  4 electric eels
  2 howler monkeys
  3 centaur zombies
  A jelly (D:6)
  3 bullfrog skeletons
  2 hounds (D:5)
  5 orc priests
  A centaur skeleton (D:7)
  A gnoll shaman (D:7)
  An iron imp (D:9)
  Jessica (D:2)
  Ijyb (D:4)
  Natasha (thrice) (D:2)
  3 iguanas
  8 orc wizards
  A killer bee zombie (D:6)
  A hound skeleton (D:4)
  A howler monkey zombie (D:9)
  6 adders
  3 gnolls (D:7)
  2 shadow imps
  2 white imps
  2 ufetubi
  An adder skeleton (D:4)
  3 worms
  A dart slug (D:2)
  41 orcs
  7 endoplasms
  7 giant cockroaches
  6 goblins
  7 hobgoblins
  7 jackals
  27 kobolds
  5 quokkas
  12 ball pythons
  3 bats
  7 frilled lizards
  7 rats
485 creatures vanquished.

Vanquished Creatures (collateral kills)
  17 foxfires
17 creatures vanquished.

Vanquished Creatures (others)
  An orc wizard (D:12)
  1321 foxfires
  27 fungi
  103 plants
1452 creatures vanquished.

Grand Total: 1954 creatures vanquished

Notes
Turn   | Place    | Note
-------+----------+-------------------------------------------
     0 | D:1      | funkygono the Gargoyle Fire Elementalist began the quest
                  | for the Orb.
     0 | D:1      | Reached XP level 1. HP: 10/10 MP: 3/3
   189 | D:1      | Reached XP level 2. HP: 15/15 MP: 3/5
   192 | D:1      | Learned a level 2 spell: Scorch
   764 | D:1      | Reached XP level 3. HP: 19/19 MP: 1/6
  1277 | D:1      | Found a faded altar of an unknown god.
  1392 | D:1      | Learned a level 3 spell: Conjure Flame
  1624 | D:2      | Reached XP level 4. HP: 24/24 MP: 3/8
  1902 | D:2      | Noticed Jessica
  1906 | D:2      | Killed Jessica
  1907 | D:2      | Reached skill level 3 in Spellcasting
  2145 | D:2      | Found a shadowy altar of Dithmenos.
  2257 | D:2      | Noticed Natasha
  2262 | D:2      | Killed Natasha
  2263 | D:2      | Reached XP level 5. HP: 28/28 MP: 3/9
  2351 | D:2      | Noticed Natasha
  2357 | D:2      | Killed Natasha
  2777 | D:2      | Noticed Natasha
  2789 | D:2      | Killed Natasha
  2856 | D:2      | Learned a level 4 spell: Flame Wave
  3154 | D:3      | Found Ejeschyvy's Weapon Shop.
  3341 | D:3      | Reached XP level 6. HP: 32/32 MP: 9/11
  3350 | D:3      | Reached skill level 4 in Spellcasting
  3805 | D:3      | Found a shimmering blue altar of Sif Muna.
  4334 | D:4      | Noticed Sigmund
  4345 | D:4      | Killed Sigmund
  4346 | D:4      | Reached skill level 5 in Fire Magic
  4346 | D:4      | Reached XP level 7. HP: 28/36 MP: 1/13
  4891 | D:3      | Reached skill level 5 in Spellcasting
  5061 | D:4      | Noticed Ijyb
  5067 | D:4      | Paralysed by Ijyb for 7 turns
  5074 | D:4      | Killed Ijyb
  5523 | D:5      | Entered Level 5 of the Dungeon
  5580 | D:5      | Reached XP level 8. HP: 41/41 MP: 9/16
  5668 | D:5      | Reached skill level 6 in Spellcasting
  6493 | D:6      | Noticed Dowan
  6495 | D:6      | Noticed Duvessa
  6500 | D:6      | Killed Duvessa
  6509 | D:6      | Killed Dowan
  6564 | D:6      | Reached skill level 1 in Maces & Flails
  6849 | D:6      | Reached skill level 5 in Conjurations
  6879 | D:6      | Found a staircase to the Ecumenical Temple.
  6888 | Temple   | Entered the Ecumenical Temple
  7081 | D:6      | Reached XP level 9. HP: 46/46 MP: 11/19
  7082 | D:6      | Reached skill level 7 in Spellcasting
  7352 | D:6      | Noticed Grinder
  7358 | D:6      | Killed Grinder
  7552 | D:6      | Learned a level 3 spell: Mephitic Cloud
  7556 | D:6      | Learned a level 3 spell: Ignite Poison
  7855 | D:7      | Found a glowing golden altar of the Shining One.
  8046 | D:7      | Noticed Menkaure
  8048 | D:7      | Killed Menkaure
  8049 | D:7      | Reached skill level 1 in Fighting
  8049 | D:7      | Reached skill level 1 in Air Magic
  8416 | D:7      | Learned a level 6 spell: Iron Shot
  8692 | D:8      | Found a transporter.
  8693 | D:8      | Noticed a queen bee
  8697 | D:8      | Found a transporter.
  8697 | D:8      | Noticed vurker's ghost (novice DjFE)
  8825 | D:8      | Reached skill level 8 in Spellcasting
  9121 | D:8      | Noticed a hornet
  9136 | D:8      | Killed a hornet
  9137 | D:8      | Reached skill level 1 in Earth Magic
  9137 | D:8      | Reached skill level 1 in Poison Magic
  9283 | D:8      | Reached XP level 10. HP: 52/52 MP: 15/22
  9514 | D:8      | Found a staircase to the Lair.
 10177 | D:9      | Upgraded the game from 0.28-a0-816-gb054d885db to
                  | 0.28-a0-823-gb444dcf96d
 10183 | D:9      | Noticed Grum
 10357 | D:9      | Killed Grum
 10403 | D:9      | Noticed a two-headed ogre
 10413 | D:9      | Killed a two-headed ogre
 10414 | D:9      | Reached skill level 9 in Spellcasting
 10597 | D:9      | Noticed Joseph
 10608 | D:9      | Killed Joseph
 10700 | D:9      | Noticed Pikel
 10707 | D:9      | Killed Pikel
 10902 | D:9      | Learned a level 3 spell: Stone Arrow
 11018 | D:9      | Found a snail-covered altar of Cheibriados.
 11166 | D:10     | Entered Level 10 of the Dungeon
 11173 | D:10     | Reached XP level 11. HP: 45/56 MP: 13/24
 11401 | D:10     | Found a radiant altar of Vehumet.
 11425 | D:10     | Became a worshipper of Vehumet
 11448 | D:10     | Noticed a two-headed ogre
 11450 | D:10     | Noticed a two-headed ogre
 11462 | D:10     | Killed a two-headed ogre
 11463 | D:10     | Reached skill level 5 in Earth Magic
 11481 | D:10     | Killed a two-headed ogre
 11619 | D:10     | Noticed a two-headed ogre
 11626 | D:10     | Killed a two-headed ogre
 12065 | D:10     | Found a glowing silver altar of Zin.
 12176 | D:10     | Found a burning altar of Makhleb.
 12180 | D:10     | Reached skill level 1 in Shields
 12261 | D:10     | Found a runed translucent gate.
 12261 | D:10     | Noticed TheNamelessOne's ghost (journeyman FoFi)
 12262 | D:10     | Found a runed translucent gate.
 12263 | D:10     | Found a runed translucent gate.
 12717 | D:11     | Reached skill level 10 in Spellcasting
 12838 | D:11     | Noticed a boulder beetle
 12871 | D:11     | Reached * piety under Vehumet
 12871 | D:11     | Offered knowledge of Freeze by Vehumet.
 12924 | D:11     | Noticed a boulder beetle
 12970 | D:11     | Killed a boulder beetle
 13414 | D:11     | Noticed a cyclops
 13423 | D:11     | Killed a cyclops
 13563 | D:11     | Learned a level 4 spell: Olgreb's Toxic Radiance
 13567 | D:11     | Found Lipho's Weapon Emporium.
 13690 | D:11     | Killed a boulder beetle
 13691 | D:11     | Reached XP level 12. HP: 55/64 MP: 14/26
 14114 | Lair:1   | Entered Level 1 of the Lair of Beasts
 14647 | Lair:1   | Identified the +1 pair of boots "Bifyruatt" {MP+9 Int+5}
 14927 | Lair:2   | Reached skill level 5 in Maces & Flails
 15303 | Lair:2   | Offered knowledge of Poisonous Vapours by Vehumet.
 15304 | Lair:2   | Reached ** piety under Vehumet
 15403 | Lair:2   | Found a hole to the Spider Nest.
 16271 | Lair:2   | Identified a scroll of acquirement
 16271 | Lair:2   | Acquired 1053 gold pieces
 16608 | Lair:3   | Reached skill level 1 in Transmutations
 16611 | Lair:3   | Reached skill level 5 in Poison Magic
 16906 | Lair:3   | Offered knowledge of Frozen Ramparts by Vehumet.
 17141 | Lair:3   | Reached skill level 11 in Spellcasting
 17166 | Lair:3   | Reached skill level 10 in Fire Magic
 17405 | Lair:4   | Noticed a five-headed hydra
 17413 | Lair:4   | Killed a five-headed hydra
 17581 | Lair:4   | Reached XP level 13. HP: 68/68 MP: 28/28
 17948 | Lair:4   | Reached *** piety under Vehumet
 18162 | Lair:4   | Offered knowledge of Sticky Flame by Vehumet.
 18770 | Lair:4   | Found a staircase to the Swamp.
 18949 | Lair:4   | Learned a level 4 spell: Sticky Flame
 19002 | Lair:5   | Reached **** piety under Vehumet
 19342 | Lair:5   | Reached skill level 12 in Spellcasting
 19347 | Lair:5   | Offered knowledge of Dazzling Flash by Vehumet.
 19524 | Lair:5   | Reached skill level 10 in Conjurations
 20058 | D:12     | Noticed Sonja
 20063 | D:12     | Killed Sonja
 20169 | D:12     | Gained mutation: Your large and strong wings let you fly.
                  | [Gargoyle growth]
 20169 | D:12     | Reached XP level 14. HP: 74/74 MP: 29/30
 20264 | D:12     | Identified the +3 leather armour of the Trees {Harm rPois
                  | rCorr}
 21017 | D:12     | Found a staircase to the Orcish Mines.
 21322 | Lair:6   | Entered Level 6 of the Lair of Beasts
 21751 | Lair:6   | Reached ***** piety under Vehumet
 21809 | Lair:6   | Offered knowledge of Conjure Ball Lightning by Vehumet.
 22110 | Lair:6   | Reached skill level 13 in Spellcasting
 22512 | Lair:6   | Found a staircase to the Slime Pits.
 22749 | Lair:6   | Found a runed translucent door.
 22766 | Lair:6   | Killed from afar by an ice dragon

Illustrated notes

Levels and vault maps discovered:
D:1:      shiori_arrival_oz, layout_loops_ring,
          shapermc_ecumenical_altar_mp_vishouse, minmay_tiny_reverse_x
D:2:      minmay_general_purpose_star, layout_rooms, basic_altar, uniq_natasha,
          uniq_jessica
D:3:      layout_loops_corners, lemuel_doored_altar, serial_shops, shop,
          hangedman_decor_points
D:4:      layout_loops_ring, kennysheep_boxes, uniq_ijyb, uniq_sigmund
D:5:      layout_basic, serial_curves, eino_curves_04, eino_curves_01,
          minmay_misc_feat_rows
D:6:      layout_loops_cross, minmay_temple_entry_ruins,
          kennysheep_decorative_pillar, st_stairs_1, kennysheep_generic_room_15,
          uniq_grinder, uniq_duvessa
D:7:      layout_basic, tso_metal_star, serial_glass, glass_columns_a,
          glass_columns_a, due_unseen_surprise, item_on_display_a,
          feat_on_display, uniq_menkaure
D:8:      layout_layer_cave, dpeg_oklobed_lair, gammafunk_ghost_hive
D:9:      layout_big_octagon, slow_altar_1, uniq_pikel, uniq_grum, uniq_joseph
D:10:     layout_gridville, lemuel_coloured_pillars_altar,
          nicolae_vehumet_altar_sigil, lightli_temple_of_fire,
          biasface_ghost_orc_armoury
D:11:     layout_cave_pods, serial_shops, nicolae_diamond_shop,
          minmay_diced_spiral
D:12:     layout_basic, hiddenorc1_lemuel, uniq_sonja
Temple:   nicolae_temple_elliptical
Lair:1:   layout_chaotic_city
Lair:2:   layout_gridlike, spider_nest_entry_a, grunt_megastairs_3,
          infiniplex_staircase_pool_2
Lair:3:   layout_cave_pods, grunt_megastairs_5
Lair:4:   layout_cellular_growth, nicolae_swamp_entry_splash_gauntlet,
          infiniplex_staircase_pool
Lair:5:   layout_roguey, chequers_serial_rivers_micro_a,
          grunt_forest_large_clearings
Lair:6:   hangedman_lair_caniforms_friends, layout_long_grid, wormcave,
          slime_dummy, minivault_24, fungi_pond_lemuel

Skill      XL: |  1  2  3  4  5  6  7  8  9 10 11 12 13 14 |
---------------+-------------------------------------------+-----
Conjurations   | 2 3 4 5 6 7 8 10 11 | 11.2
Spellcasting   | 3 4 5 6 8 9 10 11 12 13 | 13.2
Fire Magic     | 4 5 7 8 9 10 11 | 11.7
Dodging        | 2 3 4 |  4.4
Maces & Flails | 1 2 4 6 |  6.3
Fighting       | 1 2 3 |  3.4
Air Magic      | 1 |  1.0
Earth Magic    | 1 4 6 8 9 |  9.1
Poison Magic   | 1 2 5 7 |  7.7
Shields        | 3 4 |  4.2
Transmutations | 1 2 3 |  3.2
Stealth        | |  2.1

Action                   |  1- 3 |  4- 6 |  7- 9 | 10-12 | 13-15 || total
-------------------------+-------+-------+-------+-------+-------++-------
Melee: Whip              |    14 |    19 |    71 |       |       ||   104
       Flail             |       |       |       |   196 |    46 ||   242
 Cast: Foxfire           |    59 |   115 |   184 |   276 |   159 ||   793
       Scorch            |     2 |    13 |    32 |    13 |     6 ||    66
       Conjure Flame     |       |       |     3 |     1 |       ||     4
       Flame Wave        |       |       |       |    11 |     7 ||    18
       Stone Arrow       |       |       |       |    59 |    15 ||    74
       Ignite Poison     |       |       |       |    19 |    58 ||    77
       Mephitic Cloud    |       |       |       |     2 |       ||     2
       Olgreb's Toxic Ra |       |       |       |    21 |    43 ||    64
       Iron Shot         |       |       |       |       |    40 ||    40
       Sticky Flame      |       |       |       |       |     3 ||     3
  Use: Scroll            |       |     7 |    13 |     9 |     5 ||    34
       Potion            |       |     1 |       |     3 |     1 ||     5
Armor: Robe              |     5 |    13 |    61 |   135 |    84 ||   298
Dodge: Dodged            |    12 |    14 |    69 |   236 |   138 ||   469
Block: Buckler           |       |       |       |    54 |    44 ||    98

Table legend: (Time is in decaauts)
 A = Elapsed time spent in this place.
 B = Non-inter-level travel time spent in this place.
 C = Inter-level travel time spent in this place.
 D = Time resting spent in this place.
 E = Time spent auto-exploring this place.
 F = Levels seen in this place.
 G = Mean time per level.
                   A        B        C        D        E       F      G
               +--------+--------+--------+--------+--------+-----+--------+
         Total |  22861 |  22098 |    763 |   1735 |  16529 |  19 | 1203.2 |
       Dungeon |  15352 |  14849 |    503 |   1281 |  10769 |  12 | 1279.3 |
        Temple |    177 |    142 |     35 |      0 |    128 |   1 |  177.0 |
          Lair |   7331 |   7107 |    224 |    454 |   5632 |   6 | 1221.8 |
               +--------+--------+--------+--------+--------+-----+--------+

Top non-repeatable levels by time:
     D:8: 1902 daAuts
  Lair:4: 1644 daAuts
    D:11: 1560 daAuts
     D:2: 1473 daAuts
     D:3: 1470 daAuts
     D:1: 1419 daAuts
  Lair:2: 1404 daAuts
    D:10: 1357 daAuts
  Lair:5: 1306 daAuts
    D:12: 1207 daAuts
     D:4: 1175 daAuts
  Lair:3: 1125 daAuts
     D:9: 1037 daAuts
  Lair:6: 1034 daAuts
     D:5: 963 daAuts
